 Dungeon Crawl Stone Soup version 0.16-a0-967-g37ceb3c (webtiles) character file.

44 MackTheKnife the Chopper (level 3, 0/29 HPs)
             Began as a Formicid Abyssal Knight on Oct 2, 2014.
             Was a Follower of Lugonu.
             Succumbed to an adder's poison
             ... on Level 2 of the Dungeon.
             The game lasted 00:03:17 (1873 turns).

MackTheKnife the Chopper (Formicid Abyssal Knight)  Turns: 1873, Time: 00:03:17

HP   0/29        AC  3     Str 16      XL: 3   Next: 87%
MP   5/5         EV 10     Int 11      God: Lugonu [*.....]
Gold 70          SH  0     Dex 11      Spells:  0 memorised,  2 levels left

rFire  . . .     SeeInvis +     a - +1 hand axe
rCold  . . .     Clarity  .     b - +0 leather armour
rNeg   . . .     rCorr    .     (no shield)
rPois  .         rRot     .     (helmet unavailable)
rElec  .         Spirit   .     (no cloak)
SustAb .         Warding  .     (no gloves)
rMut   .         Stasis   +     (no boots)
Gourm  .                        (no amulet)
MR     .....                    (no ring)
                                (no ring)

@: lethally poisoned, very slightly contaminated, invisible, not resistant to
hostile enchantments, very unstealthy
A: permanent stasis, dig shafts and tunnels, four strong arms, antennae 3
a: Dig, Shaft Self, Depart the Abyss, Renounce Religion


You were on level 2 of the Dungeon.
You worshipped Lugonu.
Lugonu was aware of your devotion.
You were near starving.

You visited 1 branch of the dungeon, and saw 2 of its levels.
You visited the Abyss 1 time.

You collected 70 gold pieces.


Innate Abilities, Weirdness & Mutations

Your are under a permanent stasis effect.
You can dig through walls and to a lower floor.
Your four strong arms can wield two-handed weapons with a shield.
You have a pair of large antennae on your head (SInv).


   Skills:
 - Level 3.2 Fighting
 + Level 3.9 Axes
 - Level 2.1 Armour
 - Level 0.8 Dodging
 - Level 2.1 Invocations


You had 2 spell levels left.
You didn't know any spells.

Inventory:

Hand weapons
 a - a +1 hand axe (weapon)
 l - a +2 short sword of speed
Armour
 b - a +0 leather armour (worn)
Comestibles
 c - 2 bread rations
 f - 3 fruits
Scrolls
 e - 4 scrolls of amnesia
 h - a scroll of magic mapping {unknown}
 j - 2 scrolls of identify
 k - a scroll of immolation {unknown}
Potions
 i - a potion of agility

▒·········▒ ▒·▒▒·▒
▒·▒▒▒▒·▒▒·▒ ▒·▒ ·▒
▒▒·▒ ▒▒·▒▒·▒▒▒ ▒··
···▒ ▒·······▒▒▒▒
▒··▒▒▒··········▒
▒··▒▒·····▒▒▒▒▒·▒
▒··▒▒▒····▒ ▒·▒
▒·········▒ ▒·▒▒▒·▒
·······▒▒·▒ ▒·aS··▒
▒▒▒▒▒▒▒▒▒·▒▒▒▒▒·▒▒▒▒▒
▒·······▒ ▒▒▒▒▒▒▒▒▒


You could see an adder.


Message History

The adder poisons you!
Drink which item? (? for menu, Esc to quit)
You fade into invisibility!
It was a potion of invisibility.
* * * LOW HITPOINT WARNING * * *
You feel sick. The adder bites you.
* * * LOW HITPOINT WARNING * * *
You are more poisoned.
The adder poisons you! The adder closely misses you.
You are very lightly contaminated with residual magic.
You miss the adder.
* * * LOW HITPOINT WARNING * * *
You feel sick. The adder completely misses you.
You miss the adder.
* * * LOW HITPOINT WARNING * * *
You feel sick. The adder bites you.
* * * LOW HITPOINT WARNING * * *
The adder closely misses you.
You hit the adder.
The adder is moderately wounded.
* * * LOW HITPOINT WARNING * * *
You feel sick. The adder bites you but does no damage.
You hit the adder.
The adder is severely wounded.
* * * LOW HITPOINT WARNING * * *
You feel sick. The adder barely misses you. The adder barely misses you.
Unknown command.
You closely miss the adder.
The adder is severely wounded.
You die...

Action                   || total
-------------------------++-------
Melee: Hand axe          ||    92
Invok: Depart the Abyss  ||     1
 Abil: Dig               ||     1
  Use: Scroll            ||     4
       Potion            ||     2
  Eat: Chunk             ||     2

Vault maps used:
D:1:      eino_arrival_druids_welcome
D:2:      uniq_jessica

Notes
Turn   | Place    | Note
--------------------------------------------------------------
     0 | Abyss:1  | MackTheKnife, the Formicid Abyssal Knight, began the quest for the Orb.
     0 | Abyss:1  | Reached XP level 1. HP: 18/18 MP: 1/1
   131 | Abyss:1  | Noticed a tentacled starspawn
   138 | D:1      | Escaped the Abyss
   350 | D:1      | Reached XP level 2. HP: 20/24 MP: 3/3
   730 | D:1      | Reached skill level 3 in Axes
   732 | D:1      | Acquired Lugonu's first power
  1265 | D:2      | Noticed Jessica
  1271 | D:2      | Killed Jessica
  1271 | D:2      | Reached XP level 3. HP: 21/29 MP: 5/5
  1872 | D:2      | HP: 2/29 [poisoned by an adder]
  1873 | D:2      | Succumbed to an adder's poison

Vanquished Creatures
  Jessica (D:2)
  A worm (D:2)
  2 giant geckos (D:1)
  A ball python (D:1)
  2 bats (D:1)
  A hobgoblin (D:1)
  2 jackals (D:2)
  2 kobolds
  A giant cockroach (D:1)
  4 goblins
  2 rats (D:1)
19 creatures vanquished.
